 Dungeon Crawl Stone Soup version 0.23.0 (webtiles) character file.

Game seed: 13056351819168499158

32 Kairos the Sneak (level 3, 0/18 HPs)
             Began as a Vine Stalker Assassin on Feb 18, 2019.
             Slain by a gnoll
             ... wielding a +0 halberd
              (7 damage)
             ... on level 2 of the Dungeon.
             The game lasted 00:02:20 (1847 turns).

Kairos the Sneak (Vine Stalker Assassin)            Turns: 1847, Time: 00:02:21

Health: 0/18       AC:  5    Str: 13    XL:     3   Next: 25%
Magic:  0/4        EV: 12    Int: 12    God:
Gold:   90         SH:  0    Dex: 15    Spells: 2/2 levels left

rFire    . . .     SeeInvis .   a - +2 dagger
rCold    . . .     Gourm    .   (no shield)
rNeg     . . .     Faith    .   c - +0 robe
rPois    .         Spirit   +   (no helmet)
rElec    .         Reflect  .   d - +0 cloak
rCorr    .         Harm     .   r - +0 pair of gloves
MR       .....                  i - +0 pair of boots
Stlth    +++.......             (no amulet)
HPRegen  0.06/turn              (no ring)
MPRegen  0.09/turn              (no ring)

@: no status effects
A: fangs 2, magic shield, antimagic bite, no potion heal 3, rot immunity
a: no special abilities


You were on level 2 of the Dungeon.
You were hungry.

You visited 1 branch of the dungeon, and saw 2 of its levels.

You collected 90 gold pieces.

Inventory:

Hand Weapons
 a - a +2 dagger (weapon)
 b - a +0 blowgun
Missiles
 e - 8 poisoned needles
 f - 2 curare-tipped needles
 j - 47 stones (quivered)
Armour
 c - a +0 robe (worn)
 d - a +0 cloak (worn)
 i - a +0 pair of boots (worn)
 r - a +0 pair of gloves (worn)
Jewellery
 q - a +3 amulet of reflection {unknown}
 w - an uncursed amulet of regeneration {unknown}
Scrolls
 h - 2 scrolls of teleportation
 k - a scroll of remove curse
 l - a scroll of identify {unknown}
 s - a scroll of amnesia {unknown}
 t - a scroll of noise {unknown}
 u - a scroll of blinking {unknown}
Potions
 m - 2 potions of berserk rage {unknown}
 n - a potion of invisibility {unknown}
 o - a potion of flight {unknown}
 p - a potion of heal wounds {unknown}
 v - a potion of lignification {unknown}
Comestibles
 g - 4 rations


   Skills:
 + Level 1.8 Fighting
 + Level 1.9 Short Blades
 + Level 1.8 Throwing
 + Level 1.0 Dodging
 + Level 6.0 Stealth


You had 2 spell levels left.
You didn't know any spells.
Your spell library was empty.

Dungeon Overview and Level Annotations

Branches:
Dungeon (2/15)

Altars:


Innate Abilities, Weirdness & Mutations

You have extremely sharp teeth.
When hurt, damage is shared between your health and your magic reserves.
Your bite disrupts and absorbs the magic of your enemies.
Potions cannot restore your health.
You are immune to rotting.


Message History

The gnoll hits you from afar with a +0 halberd!
Ouch! That really hurt!
You are too injured to fight recklessly!
The gnoll hits you but does no damage.
Throwing (i - inventory)
j - 48 stones (quivered)
Press: ? - help, Shift-Dir - straight line, f - gnoll
Aim: a gnoll, wielding a +0 club (moderately wounded)
You throw a stone.
The stone hits the gnoll but does no damage.
The gnoll is moderately wounded.
You hit the gnoll.
The gnoll is severely wounded.
The gnoll hits you with a +0 club.
You hit the gnoll but do no damage.
The gnoll is severely wounded.
The gnoll barely misses you.
You hit the gnoll. You bite the gnoll, but do no damage.
The gnoll is almost dead.
The gnoll hits you from afar with a +0 halberd!
You die...

#.........## #####......#
##### #.#...########...#
#.##.............#
..##.#########...#
#####.# ##.## ##'##
#####.#### ##..<##
#.ggg....# ### ##.....##
#@###.##.# ..#
##.......###.##..##.#
..###....†....##.#...##g#
....).........'........g#
..###.........##.#...##.#
#.# ##.......###.........
#.# ##.....## ##.###P...
..# ##...## . P.. ###
##'## ..?..


You could see 3 gnolls.

Vanquished Creatures
  A worm (D:2)
  2 bats (D:1)
  4 goblins (D:1)
  6 hobgoblins
  6 kobolds
  A ball python (D:1)
  4 frilled lizards
  4 rats
28 creatures vanquished.

Notes
Turn   | Place    | Note
-------+----------+-------------------------------------------
     0 | D:1      | Kairos the Vine Stalker Assassin began the quest for the
                  | Orb.
     0 | D:1      | Reached XP level 1. HP: 11/11 MP: 2/2
    83 | D:1      | Reached skill level 5 in Stealth
   238 | D:1      | Reached XP level 2. HP: 13/15 MP: 3/3
  1033 | D:2      | Reached XP level 3. HP: 1/18 MP: 0/4
  1532 | D:2      | Reached skill level 6 in Stealth
  1580 | D:2      | Reached skill level 1 in Dodging
  1762 | D:2      | Found a faded altar of an unknown god.
  1847 | D:2      | Slain by a gnoll

Skill      XL: |  1  2  3 |
---------------+----------+-----
Stealth        | 5 6 |  6.0
Dodging        | 1 |  1.0
Fighting       | |  1.8
Short Blades   | |  1.9
Throwing       | |  1.8

Action                   || total
-------------------------++-------
Melee: Dagger            ||    83
       Bite              ||    17
Throw: Stone             ||     1
  Use: Scroll            ||     2
 Stab: Sleeping          ||     7
  Eat: Chunk             ||     2
Armor: Robe              ||    14
Dodge: Dodged            ||    50
